[Event "*** Titled Tuesday Blitz"]
[Site "Chess.com"]
[Date "2021.03.09"]
[Round "4"]
[White "DarZay"]
[Black "ri4mi"]
[Result "0-1"]
[WhiteElo "2186"]
[BlackElo "2417"]
[TimeControl "180+1"]
[EndTime "10:41:33 PST"]
[Termination "ri4mi won by resignation"]

1. e4 Nf6 2. e5 Nd5 3. d4 d6 4. Nf3 dxe5 5. Nxe5 Nd7 6. Nxd7 Bxd7 7. c4 Nf6 8. Nc3 Bg4 9. f3 Bf5 10. Bf4 e6 11. Be2 Be7 12. O-O O-O 13. Qd2 c5 14. d5 Bd6 15. Bg5 h6 16. Bxf6 Qxf6 17. Nb5 Be5 18. Rae1 Bxb2 19. Bd3 a6 20. Nc7 Qd4+ 21.
Re3 Rac8 22. d6 Bc3 23. Qe2 Qxd6 24. Bxf5 Bd4 25. Nd5 exd5 26. Bxc8 Rxc8 27. Kh1 Bxe3 28. Qxe3 dxc4 29. Qc3 Qd3 30. Qc1 Rd8 31. h3 b5 32.
Re1 c3 33. Qf4 Qd2 34. Qe5 c2 35. Qe7 Qxe1+ 36. Qxe1 Rd1 37. Qxd1 cxd1=Q+ 0-1

[Event "*** Titled Tuesday Blitz"]
[Site "Chess.com"]
[Date "2021.03.09"]
[Round "4"]
[White "swimmerchess"]
[Black "m_ezat"]
[Result "0-1"]
[WhiteElo "2755"]
[BlackElo "2543"]
[TimeControl "180+1"]
[EndTime "10:41:34 PST"]
[Termination "m_ezat won on time"]

1. d4 Nf6 2. c4 g6 3. Nc3 Bg7 4. e4 d6 5. f3 O-O 6. Be3 Nc6 7. Nge2 a6 8. Qd2 Rb8 9. h4 h5 10. Nc1 e5 11. d5 Nd4 12. Nb3 c5 13. dxc6 bxc6 14.
Nxd4 exd4 15. Bxd4 Re8 16. Be2 d5 17. cxd5 Rb4 18.
Bc5 Nxe4 19. fxe4 Bxc3 20. Qxc3 Rbxe4 21. O-O-O Rxe2 22. dxc6 Qc7 23. Bd6 Qb6 24. Rhf1 R8e3 25. Qf6 Qxc6+ 26. Kb1 Bf5+ 27. Ka1 Re6 28. Qd8+ Re8 29.
Qf6 R2e6 30. Qd4 Rd8 31. Qb4 Rexd6 32. Rc1 Qd7 33. Qf4 Qe6 34. Qg5 Rd5 35. Rfe1 Qxe1 0-1

[Event "*** Titled Tuesday Blitz"]
[Site "Chess.com"]
[Date "2021.03.09"]
[Round "4"]
[White "Gahan-MG"]
[Black "AradNazari"]
[Result "1-0"]
[WhiteElo "2675"]
[BlackElo "2500"]
[TimeControl "180+1"]
[EndTime "10:41:34 PST"]
[Termination "Gahan-MG won on time"]

1. e4 e6 2. b3 d5 3. Bb2 Nf6 4. e5 Nfd7 5. c4 f6 6. exf6 Nxf6 7. Nf3 Bd6 8. d4 c6 9. Ne5 Nbd7 10. Bd3 O-O 11. O-O Qe8 12. Nd2 Qh5 13. Be2 Qh6 14. Ndf3 Ne4 15. Rc1 Nxe5 16. Nxe5 Bxe5 17. dxe5 Bd7 18. Qd4 Rf4 19. Qe3 Rh4 20. Qxh6 Rxh6 21. f3 Ng5 22. f4 Ne4 23. Bd3 Nc5 24. Bb1 Be8 25. cxd5 Nd7 26. dxc6 bxc6 27. Be4 Nb6 28. Bxc6 Bxc6 29. Rxc6 Rf8 30. g3 Rg6 31. Ba3 Rd8 32.
Bd6 h5 33. Kg2 h4 34. a4 Nd5 35. Rf3 Rd7 36. b4 hxg3 37. hxg3 Rh6 38. b5 g5 39.
fxg5 Rg6 40. a5 Rxg5 41. b6 axb6 42. axb6 Rb7 43. Rc8+ Kh7 44. Rc7+ Nxc7 45. bxc7 Rg8 46. Rf7+ Kg6 47. Rf6+ Kg5 48. Rxe6 Rb2+ 49. Kf3 Ra8 50.
Rf6 Rc2 51. Ke4 Ra5 52. Rf8 Rc4+ 53. Kd3 Raa4 54. c8=Q 1-0

[Event "*** Titled Tuesday Blitz"]
[Site "Chess.com"]
[Date "2021.03.09"]
[Round "4"]
[White "federicosellitti"]
[Black "The_filthy"]
[Result "1-0"]
[WhiteElo "2530"]
[BlackElo "2322"]
[TimeControl "180+1"]
[EndTime "10:41:34 PST"]
[Termination "federicosellitti won by checkmate"]

1. e4 e6 2. b3 d5 3. Bb2 dxe4 4.
Nc3 Nf6 5. Qe2 Be7 6. Nxe4 a5 7. Nf3 O-O 8. g4 Nc6 9. g5 Nd5 10. d4 a4 11. a3 axb3 12. cxb3 Na5 13. b4 Nc6 14. h4 Re8 15. h5 e5 16. g6 f5 17. h6 hxg6 18. hxg7 fxe4 19. Nxe5 Nxe5 20. dxe5 Be6 21. Qxe4 Kxg7 22. Rd1 c6 23. Rg1 g5 24.
Bd3 Rg8 25. f4 Kf8 26. f5 Qd7 27. fxe6 Qxe6 28. Rf1+ Ke8 29. Qh7 Rf8 30. Rxf8+ Bxf8 31. Bg6+ Kd8 32. Qxb7 Rc8 33. Be4 Qg4 34. Rxd5+ cxd5 35.
Qxd5+ Ke8 36. Bg6+ Ke7 37. Qd6# 1-0

[Event "*** Titled Tuesday Blitz"]
[Site "Chess.com"]
[Date "2021.03.09"]
[Round "4"]
[White "Nf3c5"]
[Black "CrushingKings"]
[Result "1-0"]
[WhiteElo "2608"]
[BlackElo "2398"]
[TimeControl "180+1"]
[EndTime "10:41:35 PST"]
[Termination "Nf3c5 won on time"]

1. d4 Nf6 2. Bf4 b6 3. a4 a5 4. e3 Bb7 5. Nf3 g6 6. Nc3 Bg7 7. h3 O-O 8. Be2 d6 9. O-O Nbd7 10. Bh2 Nd5 11. Nxd5 Bxd5 12. Nd2 e5 13. c3 f5 14. Bc4 Bxc4 15. Nxc4 Kh8 16. dxe5 Nxe5 17. Nxe5 dxe5 18. Qe2 Qd5 19. Rfd1 Qc6 20. Qd3 f4 21. exf4 exf4 22. Qd7 Qc4 23. g3 Rae8 24. gxf4 Re2 25. Rd2 Rxd2 26.
Qxd2 Qe6 27. Kg2 Qc6+ 28. f3 Bf6 29. f5 Rd8 30. Qe2 Re8 31. Qd3 Rd8 32. Qc2 Bg5 33. Rd1 Rg8 34. Qe4 1-0

[Event "*** Titled Tuesday Blitz"]
[Site "Chess.com"]
[Date "2021.03.09"]
[Round "4"]
[White "alejogarcia1999"]
[Black "Pantata007"]
[Result "1-0"]
[WhiteElo "2521"]
[BlackElo "2318"]
[TimeControl "180+1"]
[EndTime "10:41:35 PST"]
[Termination "alejogarcia1999 won on time"]

1. Nf3 d5 2. g3 Nf6 3. Bg2 c6 4. O-O Bg4 5. h3 Bh5 6. c4 e6 7. b3 Nbd7 8. Bb2 Bd6 9. Nc3 O-O 10. cxd5 exd5 11. d3 Re8 12. Qc2 h6 13. Nh4 Qc7 14. Nf5 Bf8 15. Nxd5 Nxd5 16. Bxd5 Rxe2 17. Bxf7+ Kh8 18.
Qc1 Rxb2 19. Bxh5 Qe5 20. Bg4 Bc5 21. d4 Bxd4 22. Nxd4 Qxd4 23. Bxd7 Rf8 24. Qd1 Rd2 25. Qg4 Qxd7 26. Qxd7 Rxd7 27. Rad1 Rfd8 28. Rde1 Rd2 29. Re7 R8d7 30. Rfe1 a5 31. a4 b5 32. axb5 cxb5 33. Re8+ Kh7 34. R1e5 R2d5 35. Re3 Ra7 36. Rb8 a4 37. bxa4 bxa4 38. Ra3 Rda5 39. Kg2 Ra8 40. Rb6 R8a6 41. Rb4 h5 42. h4 g6 43. Rb7+ Kg8 44.
Rc3 Rf6 45. Rc8+ Rf8 46. Rc6 1-0

[Event "*** Titled Tuesday Blitz"]
[Site "Chess.com"]
[Date "2021.03.09"]
[Round "4"]
[White "Herman-NY"]
[Black "UmarovSabir"]
[Result "1-0"]
[WhiteElo "2462"]
[BlackElo "2279"]
[TimeControl "180+1"]
[EndTime "10:41:35 PST"]
[Termination "Herman-NY won on time"]

1. e4 g6 2. d4 Bg7 3. Nc3 c6 4. Bc4 d5 5. exd5 b5 6. Bb3 b4 7. Na4 cxd5 8. Nc5 Nf6 9. a3 bxa3 10. Rxa3 O-O 11. Nf3 Nbd7 12. Nd3 Nb6 13. O-O Nc4 14. Ra1 Bf5 15. Re1 h6 16. Nde5 Na5 17. Rxa5 Qxa5 18. Nc6 Qc7 19. Nxe7+ Kh8 20. Nxf5 gxf5 21. Ne5 Rae8 22. Bf4 Qa5 23. Re3 Ng4 24. Rh3 f6 25. Ng6+ Kg8 26. Bd2 Qb6 27. Bxd5+ Rf7 28. Bc3 Rd8 29.
Bb3 Kh7 30. Bxf7 1-0

[Event "*** Titled Tuesday Blitz"]
[Site "Chess.com"]
[Date "2021.03.09"]
[Round "4"]
[White "TorFredrikKaasen"]
[Black "ehrenfeld"]
[Result "1-0"]
[WhiteElo "2701"]
[BlackElo "2509"]
[TimeControl "180+1"]
[EndTime "10:41:36 PST"]
[Termination "TorFredrikKaasen won by resignation"]

1. e4 e5 2. Nf3 Nc6 3. Bb5 a6 4. Ba4 Nf6 5. O-O Be7 6. Re1 b5 7. Bb3 d6 8. c3 O-O 9. h3 Na5 10.
Bc2 c5 11. d4 Qc7 12. d5 Bd7 13. b3 g6 14. Be3 Nh5 15. Qe2 Rfb8 16. Nbd2 c4 17. b4 Nb7 18. a4 Nd8 19. a5 f6 20.
Kh2 Nf7 21. g3 Rf8 22. Nh4 Rae8 23. Rf1 Qc8 24. Nf5 gxf5 25. Qxh5 fxe4 26. g4 f5 27. gxf5 Bxf5 28. Rg1+ Kh8 29. Bxe4 Bxe4 30. Nxe4 Qd7 31. Rg4 Bd8 32. Rag1 Rg8 33. Bb6 Rxg4 34. Rxg4 Rg8 35. Bxd8 Rxg4 36. Nf6 Rh4 37. Qxh4 Qf5 38.
Ng4 Ng5 1-0

[Event "*** Titled Tuesday Blitz"]
[Site "Chess.com"]
[Date "2021.03.09"]
[Round "4"]
[White "LubovMarkelova"]
[Black "boasovietica"]
[Result "0-1"]
[WhiteElo "2233"]
[BlackElo "2443"]
[TimeControl "180+1"]
[EndTime "10:41:37 PST"]
[Termination "boasovietica won on time"]

1. Nf3 d6 2. d4 Nf6 3. c4 g6 4. Nc3 Bg7 5. e4 O-O 6. Be2 Bg4 7. O-O Nfd7 8. Be3 c5 9. Rc1 Nc6 10.
d5 Bxf3 11. Bxf3 Nd4 12. g3 a6 13. Bg2 Rb8 14. Ne2 Nxe2+ 15. Qxe2 b5 16. b3 Qa5 17.
Bh3 Nb6 18. cxb5 axb5 19. f4 Ra8 20. Rc2 Qb4 21. Bg2 Bd4 22. e5 Ra7 23. Bxd4 Qxd4+ 24. Kh1 Rfa8 25. f5 Qxe5 26. Qxe5 dxe5 27. fxg6 hxg6 28. Rxc5 Rxa2 29. Rxb5 Nc8 30. d6 Nxd6 31. Rxe5 R8a7 32. b4 Rb2 33. Rc5 Rxb4 34. Rd5 Rb2 0-1

[Event "*** Titled Tuesday Blitz"]
[Site "Chess.com"]
[Date "2021.03.09"]
[Round "4"]
[White "rachidhuilda"]
[Black "SwitchOnTwitch"]
[Result "0-1"]
[WhiteElo "2288"]
[BlackElo "2104"]
[TimeControl "180+1"]
[EndTime "10:41:37 PST"]
[Termination "SwitchOnTwitch won on time"]

1. d4 d5 2. c4 c6 3. Nf3 e6 4. Nbd2 Nf6 5. g3 Bb4 6. Qb3 Qa5 7. a3 Be7 8. Bg2 dxc4 9. Qxc4 b5 10. Qd3 Bb7 11.
O-O O-O 12. b4 Qb6 13. Nb3 Rd8 14. Bb2 Nbd7 15. Rfd1 Rac8 16. Qc2 a6 17. e4 Ba8 18. Rac1 Nf8 19. Nc5 N6d7 20. e5 a5 21. h4 axb4 22. axb4 Qb8 23. Ra1 Nb6 24. Nd2 Nd5 25. Bxd5 Rxd5 26.
Nde4 Rcd8 27. Ra3 Bb7 28. Rda1 Nd7 29. Ra7 Nxc5 30. Nxc5 Bxc5 31. bxc5 R5d7 32. Kg2 Bc8 33. Rxd7 Bxd7 34. Bc1 Be8 35. Qd3 Qxe5 36. dxe5 Rxd3 37.
Ra8 Kf8 0-1

[Event "*** Titled Tuesday Blitz"]
[Site "Chess.com"]
[Date "2021.03.09"]
[Round "4"]
[White "Anton_Demchenko"]
[Black "Oligan22"]
[Result "1-0"]
[WhiteElo "2881"]
[BlackElo "2477"]
[TimeControl "180+1"]
[EndTime "10:41:38 PST"]
[Termination "Anton_Demchenko won on time"]

1. e4 c6 2. d4 d5 3. Nd2 dxe4 4. Nxe4 Nf6 5. Nxf6+ exf6 6. Nf3 Bd6 7. Bd3 O-O 8.
O-O Bg4 9. h3 Bh5 10. Bf5 Re8 11. Qd3 Bg6 12. Nh4 Nd7 13. Qf3 Nf8 14. c3 Bc7 15. g3 Ne6 16. Nxg6 hxg6 17. Bc2 Qd7 18.
h4 Rad8 19. Be3 Nf8 20. Rfe1 Bd6 21. Rad1 Qh3 22. Bd3 Qd7 23. Bc4 Qc7 24. Kg2 a5 25.
a4 Ne6 26. h5 gxh5 27. Qxh5 g6 28. Qh4 Bf8 29. Rh1 Bg7 30. Bh6 Bh8 31. Bf8 Kxf8 32. Qxh8+ Ke7 33. Qh6 Rh8 34. Qe3 Rxh1 35. Rxh1 Qd6 36.
Rh7 b6 37. Kg1 Qd7 38. Qe4 Qd6 39. Qxg6 Rf8 40. Qe4 Qd7 41. f4 b5 42. Ba2 Kd8 43.
axb5 cxb5 44. Qa8+ Ke7 45. Qxa5 Rd8 46. Qb4+ 1-0

[Event "*** Titled Tuesday Blitz"]
[Site "Chess.com"]
[Date "2021.03.09"]
[Round "4"]
[White "StockholmMissile"]
[Black "KetiGrant"]
[Result "1-0"]
[WhiteElo "2565"]
[BlackElo "2347"]
[TimeControl "180+1"]
[EndTime "10:41:38 PST"]
[Termination "StockholmMissile won by resignation"]

1. d4 Nf6 2. c4 g6 3. Nc3 Bg7 4. e4 d6 5. h3 O-O 6. Be3 e5 7. d5 a5 8. g4 c6 9. Nge2 cxd5 10. cxd5 Na6 11. Ng3 Nd7 12. Be2 Bf6 13. Qd2 Bh4 14. Rc1 Ndc5 15. Rg1 Kh8 16. Bh6 Rg8 17. Nf1 Bd7 18. Qe3 f5 19. gxf5 gxf5 20. Rxg8+ Qxg8 21. exf5 Bxf5 22. Ng3 Bg6 23. Nce4 Nxe4 24. Nxe4 Bxe4 25.
Qxe4 Qg1+ 26. Kd2 Bg5+ 27. f4 Nc5 28. Qc4 Bxf4+ 29. Bxf4 Qf2 30. Bxe5+ dxe5 31. Qxc5 Qf4+ 32. Qe3 1-0

[Event "*** Titled Tuesday Blitz"]
[Site "Chess.com"]
[Date "2021.03.09"]
[Round "4"]
[White "Kopytkin"]
[Black "Sashadav97"]
[Result "0-1"]
[WhiteElo "2368"]
[BlackElo "2597"]
[TimeControl "180+1"]
[EndTime "10:41:39 PST"]
[Termination "Sashadav97 won on time"]

1. d4 Nf6 2. Bg5 c5 3. e3 e6 4. Nd2 d5 5. c3 Nc6 6. Bd3 h6 7.
Bxf6 Qxf6 8. f4 g5 9. g3 gxf4 10. gxf4 Qh4+ 11. Ke2 e5 12. Ndf3 Qh5 13. dxe5 Rg8 14.
Qf1 c4 15. Bc2 Bc5 16. Bd1 Bf5 17. Kd2 Qg6 18. Nh4 Qh7 19. Nxf5 Qxf5 20. Bf3 O-O-O 21. Qb1 Qe6 22. Ne2 d4 23. exd4 Nxd4 24. cxd4 Bxd4 25. Nxd4 Rxd4+ 26. Ke3 Rd3+ 27. Ke2 Qb6 28. Qxd3 cxd3+ 29. Kxd3 Rd8+ 30. Ke4 Qc6+ 31. Ke3 Qc5+ 32. Ke2 Qc2+ 0-1

[Event "*** Titled Tuesday Blitz"]
[Site "Chess.com"]
[Date "2021.03.09"]
[Round "4"]
[White "VitaliyBernadskiy"]
[Black "KacperPolOK"]
[Result "1-0"]
[WhiteElo "2739"]
[BlackElo "2513"]
[TimeControl "180+1"]
[EndTime "10:41:40 PST"]
[Termination "VitaliyBernadskiy won by resignation"]

1. d4 e6 2. c4 f5 3. Nc3 Nf6 4. g3 d5 5. Bg2 c6 6. Nf3 Bd6 7.
O-O O-O 8. e3 b6 9. b3 Bb7 10. Bb2 Nbd7 11. Ne2 Rc8 12. Nf4 Qe7 13. Ng5 Bxf4 14. exf4 Ne4 15. Nf3 c5 16. Re1 Rfd8 17. Qe2 Ndf6 18. Rad1 Ng4 19. Rf1 dxc4 20. bxc4 Ba6 21.
Ne5 Nxe5 22. dxe5 h6 23. f3 Bxc4 24. Qxc4 Nd2 25. Rxd2 Rxd2 26. Bc3 Rd5 27. g4 g6 28. Be1 Qd7 29. h4 h5 30. Bf2 b5 31. Qc1 a5 32.
Kh2 Kh7 33. Be3 c4 34. gxh5 gxh5 35. Rg1 Rg8 36. Bh3 Rxg1 37. Qxg1 Qg7 38. Qb1 b4 39. Bf1 Qe7 40. Bxc4 Qxh4+ 41. Kg2 Rd8 42. Bxe6 Rg8+ 43. Bxg8+ Kxg8 44. Qxf5 1-0

[Event "*** Titled Tuesday Blitz"]
[Site "Chess.com"]
[Date "2021.03.09"]
[Round "4"]
[White "Shuvalov"]
[Black "lelya96"]
[Result "1-0"]
[WhiteElo "2517"]
[BlackElo "2261"]
[TimeControl "180+1"]
[EndTime "10:41:40 PST"]
[Termination "Shuvalov won by resignation"]

1. Nf3 d5 2. c4 c6 3. g3 Nf6 4.
Bg2 Bg4 5. Ne5 Bf5 6. cxd5 Qd6 7. dxc6 bxc6 8. Qb3 Nbd7 9. Qxf7+ Kd8 10. Nxc6+ Kc7 11. Qc4 Be6 12. Qc3 Nc5 13. d4 Bd5 14. Bf4 Kxc6 15.
Bxd6 Bxg2 16. Qxc5+ Kd7 17. Rg1 Rc8 18. Qb5+ Bc6 19.
Qb3 exd6 20. Nc3 Be7 21. d5 Ba8 22. Qa4+ Kd8 23. e4 Ng4 24. h3 Ne5 25. Ke2 Rc7 26. Rac1 Bb7 27. Nb5 Rxc1 28. Rxc1 Bg5 29. f4 Bh6 30.
Qa5+ Ke7 31. Rc7+ Kf6 32. Rxb7 Nc4 33. Qc7 Rf8 34. Qe7+ Kg6 35. Qxf8 1-0

[Event "*** Titled Tuesday Blitz"]
[Site "Chess.com"]
[Date "2021.03.09"]
[Round "4"]
[White "Ranindu2003"]
[Black "NaciSAN"]
[Result "1-0"]
[WhiteElo "2614"]
[BlackElo "2273"]
[TimeControl "180+1"]
[EndTime "10:41:40 PST"]
[Termination "Ranindu2003 won on time"]

1. e4 e5 2. Nf3 Nc6 3. Bc4 Bc5 4. c3 Nf6 5. d3 d6 6. Bb3 a6 7. h3 Ba7 8. Nbd2 O-O 9. Nf1 Be6 10. Ng3 Bxb3 11. axb3 Qe7 12. Nf5 Qe6 13. Ng5 Qd7 14. Qf3 d5 15. h4 dxe4 16. dxe4 Rad8 17. h5 Qd3 18. Ne3 h6 19. Nh3 Qxe4 20. Qxe4 Nxe4 21. O-O Nd2 22. Bxd2 Rxd2 23. Nc4 Rd7 24. Rfe1 f6 25.
g4 Rfd8 26. Kg2 Kf7 27. Ng1 Ne7 28. Nf3 Nd5 29. Kg3 Nf4 30. Ncxe5+ fxe5 31. Nxe5+ Kg8 32. Nxd7 Nd3 33. Re7 Bxf2+ 34. Kh3 Nf4+ 35. Kh2 Bh4 36. Re4 Nd3 37. Rd4 Nxb2 38. Ra2 1-0

[Event "*** Titled Tuesday Blitz"]
[Site "Chess.com"]
[Date "2021.03.09"]
[Round "4"]
[White "anon219"]
[Black "ChessSwole"]
[Result "1-0"]
[WhiteElo "2860"]
[BlackElo "2539"]
[TimeControl "180+1"]
[EndTime "10:41:41 PST"]
[Termination "anon219 won on time"]

1. e4 c5 2. Nf3 e6 3. d4 cxd4 4.
Nxd4 a6 5. Bd3 Bc5 6. Nb3 Ba7 7.
Qe2 Nc6 8. O-O Nge7 9. Be3 Bxe3 10. Qxe3 O-O 11. Rd1 Qc7 12. c4 Ne5 13. c5 d6 14.
cxd6 Qxd6 15. Be2 Qc7 16. Nc3 N7c6 17. Rac1 Bd7 18. f4 Ng6 19. g3 Rfd8 20. Bf3 Be8 21.
e5 Rxd1+ 22. Rxd1 Rd8 23. Rxd8 Qxd8 24. h4 Nge7 25. Be4 h6 26. Kf2 b6 27. Nd2 Nb4 28. a3 Nbd5 29. Nxd5 exd5 30. Bd3 d4 31. Qe4 g6 32. Nf3 Nf5 33. g4 Nxh4 34. Nxd4 a5 35. Kg3 Kf8 36. e6 g5 37. Qe5 f6 38. Qe3 Qd6 39. Kh3 gxf4 40. Qe4 Ng6 41. Nf5 Qe5 42. Qb7 1-0

[Event "*** Titled Tuesday Blitz"]
[Site "Chess.com"]
[Date "2021.03.09"]
[Round "4"]
[White "DinaBelenkaya"]
[Black "SerGo055"]
[Result "0-1"]
[WhiteElo "2352"]
[BlackElo "2598"]
[TimeControl "180+1"]
[EndTime "10:41:41 PST"]
[Termination "SerGo055 won by checkmate"]

1. e4 d5 2. exd5 Qxd5 3. Nf3 Nf6 4. d4 Bg4 5. Be2 Nc6 6. O-O O-O-O 7. Be3 Qh5 8. h3 e5 9. hxg4 Nxg4 10. Nh4 f5 11. g3 exd4 12. Bf4 g5 13. Bxg5 Qxg5 14.
Nxf5 h5 15. Nh4 Bd6 16. f4 Qc5 17. Bxg4+ hxg4 18. Qd3 Nb4 19. Qf5+ Qxf5 20. Nxf5 Nxc2 21. Nd2 Nxa1 22. Rxa1 d3 23. Rc1 Bb4 24. Rd1 Rhe8 25. Nb3 Re2 26. Nfd4 Rxb2 27. Rxd3 c5 28. a3 c4 29. Rd2 Bxd2 30. Nxd2 Rxd2 31. Ne6 Re8 32. Nd8 Re1# 0-1

[Event "*** Titled Tuesday Blitz"]
[Site "Chess.com"]
[Date "2021.03.09"]
[Round "4"]
[White "KuzubovYuriy"]
[Black "Anna_ChessMate"]
[Result "0-1"]
[WhiteElo "2902"]
[BlackElo "2561"]
[TimeControl "180+1"]
[EndTime "10:41:42 PST"]
[Termination "Anna_ChessMate won by resignation"]

1. d4 d5 2. c4 c6 3. Nf3 Nf6 4. Nc3 dxc4 5. a4 Bf5 6. Nh4 e6 7. Nxf5 exf5 8. e3 Nbd7 9. Bxc4 Bb4 10. Bxf7+ Kxf7 11. Qb3+ Nd5 12. O-O Qa5 13. f3 Rhe8 14.
e4 Bxc3 15. bxc3 Qxc3 16. Qa2 Qxd4+ 17. Kh1 Nf6 18. Bb2 Qd2 19. Rad1 Qe2 20. Rde1 Qc2 21. Rc1 Qe2 22. exd5 Nxd5 23. Qa1 Nf4 24. Rg1 g6 25. Qa2+ Qe6 26. Qb1 Ne2 27. Rce1 Qb3 28. Rgf1 Re6 29. g4 fxg4 30. fxg4+ Kg8 31. Bf6 Qd5+ 0-1

[Event "*** Titled Tuesday Blitz"]
[Site "Chess.com"]
[Date "2021.03.09"]
[Round "4"]
[White "BanjoKazooieN64"]
[Black "Papa12341234"]
[Result "0-1"]
[WhiteElo "2410"]
[BlackElo "2609"]
[TimeControl "180+1"]
[EndTime "10:41:42 PST"]
[Termination "Papa12341234 won by resignation"]

1. e4 c6 2. Bc4 d5 3. Bb3 dxe4 4. Qh5 e6 5. Nc3 Nf6 6. Qh4 Be7 7. Nxe4 Nxe4 8. Qxe4 Nd7 9. d4 Nf6 10. Qd3 O-O 11.
Nf3 c5 12. Be3 cxd4 13. Bxd4 b6 14. O-O Bb7 15. Rad1 Qc8 16. Ng5 Qc6 17. Qh3 h6 18. Nf3 Rad8 19. c3 Qe4 20. Rfe1 Qg6 21. Ne5 Qh5 22.
Qxh5 Nxh5 23. Ba4 Nf4 24. Nc6 Bxc6 25. Bxc6 Bf6 26. Bxf6 gxf6 27. Be4 f5 28. Bc2 Kg7 29. g3 Ng6 30. f4 Kf6 31. Kf2 h5 32. Kf3 h4 33. g4 fxg4+ 34. Kxg4 Ne7 35. Kxh4 Nd5 36.
Kg3 Rg8+ 37. Kf3 Rh8 38. Re2 Rh3+ 39. Kg4 Rdh8 0-1

[Event "*** Titled Tuesday Blitz"]
[Site "Chess.com"]
[Date "2021.03.09"]
[Round "4"]
[White "Malev212"]
[Black "queen_iryna"]
[Result "0-1"]
[WhiteElo "2533"]
[BlackElo "2359"]
[TimeControl "180+1"]
[EndTime "10:41:42 PST"]
[Termination "queen_iryna won by resignation"]

1. b4 Nf6 2. Bb2 g6 3. g4 Bg7 4. g5 Nh5 5. Bxg7 Nxg7 6. Nc3 d6 7. h4 e5 8. e3 h5 9. Bg2 O-O 10. Nge2 Bg4 11. f3 Be6 12. Ng3 d5 13. Nce2 Nc6 14. b5 Ne7 15. d4 Ngf5 16. Qd2 exd4 17. exd4 c6 18. bxc6 bxc6 19. Kf2 Qd6 20. c3 Rab8 21. Rab1 Rxb1 22. Rxb1 Nxh4 23. Qf4 Nef5 24. Qxd6 Nxd6 25. Nf4 Nhf5 26. Nxf5 Bxf5 27. Rb4 Re8 28. Bf1 Kg7 29. a4 Re7 30. a5 Rb7 31. Ba6 Rxb4 32. cxb4 Bc8 33.
Bf1 Nf5 34. b5 Nxd4 35. b6 axb6 36. a6 b5 37. a7 Bb7 38. Nd3 Ne6 39. Bh3 Nc7 40.
Nc5 Ba8 41. Bc8 b4 42. Nd7 Nb5 43. Nb6 Nxa7 0-1

[Event "*** Titled Tuesday Blitz"]
[Site "Chess.com"]
[Date "2021.03.09"]
[Round "4"]
[White "Savagelittlemole"]
[Black "KazakhFighter04"]
[Result "0-1"]
[WhiteElo "2525"]
[BlackElo "2755"]
[TimeControl "180+1"]
[EndTime "10:41:43 PST"]
[Termination "KazakhFighter04 won on time"]

1. e4 d5 2. exd5 Qxd5 3. Nc3 Qa5 4. Bc4 Nf6 5. d4 Nc6 6. Ne2 Bg4 7. f3 Bh5 8. Bd2 O-O-O 9. Nd5 Qa4 10. Bb3 Qa6 11. Nxf6 gxf6 12. O-O Nxd4 13. Nxd4 Rxd4 14. Qe1 e6 15. Bc3 Rf4 16. Qd2 Bd6 17. Rad1 Rg8 18.
Kh1 Rh4 19. h3 Rg3 20. Bxf6 Rgxh3+ 21. gxh3 Rxh3+ 22. Kg2 Rh2+ 23. Kg1 Rxd2 24. Rxd2 Qa5 25. Rg2 Qf5 26. Bd4 Bxf3 27. Rg8+ Kd7 28. c3 Qh3 29. Kf2 Be4 30. Rfg1 c5 31. Bg7 Bf4 32. Rd1+ Kc7 0-1

[Event "*** Titled Tuesday Blitz"]
[Site "Chess.com"]
[Date "2021.03.09"]
[Round "4"]
[White "Faqade"]
[Black "SilviusTiberius"]
[Result "0-1"]
[WhiteElo "2620"]
[BlackElo "2498"]
[TimeControl "180+1"]
[EndTime "10:41:43 PST"]
[Termination "SilviusTiberius won by resignation"]

1. e4 e5 2. Nf3 Nc6 3. Nc3 Nf6 4. d4 exd4 5. Nxd4 Bb4 6. Nxc6 bxc6 7. Bd3 d5 8. Bd2 O-O 9. O-O Bxc3 10. Bxc3 Nxe4 11. Bxe4 dxe4 12. Qh5 Qd5 13. Qh4 Bf5 14. Rad1 Qxa2 15. Qg3 Bg6 16. h4 h5 17. Qxc7 Rac8 18. Qe5 f6 19.
Qg3 Qf7 20. Rd6 Rfd8 21. Rfd1 Rxd6 22. Rxd6 Kh7 23. Qf4 c5 24. Qd2 Bf5 25. Qf4 Qg6 26. Ra6 Re8 27. Rxa7 e3 28. fxe3 Re4 29. Qf2 Rg4 30.
Kh2 Be4 31. g3 Kg8 32. Re7 Bxc2 33. Qf3 Ra4 34. Bxf6 Qxf6 35. Re8+ Kf7 36. Qc6 Qxc6 0-1

[Event "*** Titled Tuesday Blitz"]
[Site "Chess.com"]
[Date "2021.03.09"]
[Round "4"]
[White "VladimirPotkin"]
[Black "Eliwood44"]
[Result "0-1"]
[WhiteElo "2598"]
[BlackElo "2477"]
[TimeControl "180+1"]
[EndTime "10:41:43 PST"]
[Termination "Eliwood44 won by resignation"]

1. Nf3 Nf6 2. e3 d5 3. b3 e6 4.
Bb2 Bd6 5. c4 O-O 6. Nc3 b6 7.
cxd5 exd5 8. Nb5 Be7 9. Rc1 c6 10. Nc3 Bb7 11. Be2 Nbd7 12. O-O Re8 13. d4 Bd6 14.
Rc2 Nf8 15. g3 Ng6 16. Qc1 h5 17. Ba3 h4 18. Bxd6 Qxd6 19. a3 Ne4 20. Nxe4 dxe4 21.
Nd2 Qe6 22. Re1 Rad8 23. b4 Qf5 24. Bf1 Rd6 25. Bg2 Rf6 26. Re2 Ba6 27. Nc4 h3 28.
Bh1 Nh4 29. gxh4 Rg6+ 30. Kf1 Rg4 31. Ne5 Rxe5 32. dxe5 Qg6 33. Ke1 Rg1+ 34. Kd2 Rxc1 35. Rxc1 Bxe2 36. Kxe2 Qh5+ 37. Kd2 Qxe5 38. Rxc6 g6 39.
Ke2 Qxh2 40. Bxe4 Qe5 41. Bf3 h2 42. Rc2 Qa1 0-1

[Event "*** Titled Tuesday Blitz"]
[Site "Chess.com"]
[Date "2021.03.09"]
[Round "4"]
[White "allvim"]
[Black "Lupul_Cenusiu"]
[Result "1/2-1/2"]
[WhiteElo "2357"]
[BlackElo "2565"]
[TimeControl "180+1"]
[EndTime "10:41:43 PST"]
[Termination "Game drawn by repetition"]

1. e4 c5 2. Nf3 e6 3. b3 a6 4. Bb2 Nc6 5. Be2 d6 6. O-O Nf6 7. e5 dxe5 8. Nxe5 Nxe5 9. Bxe5 Be7 10.
c4 O-O 11. Nc3 Bd6 12. d4 b6 13. Bf3 Ra7 14. Bxd6 Qxd6 15. dxc5 Qxc5 16. Qe2 Bb7 17. Bxb7 Rxb7 18. Rad1 b5 19. Qf3 Rc7 20. Rc1 bxc4 21. bxc4 Qxc4 22. Ne2 Rfc8 23. Rxc4 Rxc4 24. h3 h6 25. Rd1 Rc2 26. Ng3 Rxa2 27. Qb7 Rf8 28. Ne4 Nxe4 29. Qxe4 Ra5 30. Rd3 h5 31. Rg3 g6 32. h4 Rd8 33. Rf3 Rf5 34. Rxf5 exf5 35. Qc6 a5 36. Kh2 a4 37. Qxa4 Rd6 38. Kg3 Re6 39. f3 Kg7 40. Qd4+ Kg8 41. Kf4 Kh7 42. g4 fxg4 43. Qd7 Kg7 44. fxg4 hxg4 45. Kxg4 Re4+ 46.
Kg5 Re5+ 47. Kf4 Rf5+ 48. Kg4 Rh5 49. Qd4+ Kg8 50. Qd8+ Kg7 51. Qd4+ Kg8 52. Qf6 Rf5 53. Qd8+ Kg7 54. Qd4+ Kg8 55. Qa4 Rh5 56. Qe8+ Kg7 57. Qc8 Rf5 58. Qc3+ Kg8 59. Qe3 Rh5 60. Qe8+ Kg7 61.
Qd8 Rf5 62. Qd4+ Kg8 63. Qd8+ Kg7 1/2-1/2

[Event "*** Titled Tuesday Blitz"]
[Site "Chess.com"]
[Date "2021.03.09"]
[Round "4"]
[White "thisunaa"]
[Black "Rozhkov_V"]
[Result "0-1"]
[WhiteElo "1997"]
[BlackElo "2396"]
[TimeControl "180+1"]
[EndTime "10:41:43 PST"]
[Termination "Rozhkov_V won by checkmate"]

1. e4 c5 2. Nf3 d6 3. d4 cxd4 4.
Nxd4 Nf6 5. Nc3 Nc6 6. Bg5 Bd7 7. Qd2 Rc8 8. O-O-O Nxd4 9. Qxd4 Qa5 10. f4 Rxc3 11. Qxc3 Qxc3 12. bxc3 Nxe4 13. Kb2 Nf2 14. Bd3 Nxh1 15.
Rxh1 h6 16. Bh4 e6 17. Bf2 b6 18. Rd1 Be7 19. c4 g5 20. fxg5 hxg5 21. Bg3 f5 22. h3 f4 23. Bf2 Bc6 24. Rg1 Bf6+ 25. Kb3 e5 26. Bf5 Ke7 27. Re1 Bxg2 28. h4 gxh4 29.
c5 bxc5 30. Kc3 e4+ 31. Kc4 e3 32. Bg1 h3 33. Bh2 Be5 34. Bg4 Rb8 35. Bf5 Rb4+ 36. Kd3 Rd4+ 37. Ke2 Rd2# 0-1

[Event "*** Titled Tuesday Blitz"]
[Site "Chess.com"]
[Date "2021.03.09"]
[Round "4"]
[White "elegant285"]
[Black "david_alex"]
[Result "0-1"]
[WhiteElo "2274"]
[BlackElo "2087"]
[TimeControl "180+1"]
[EndTime "10:41:43 PST"]
[Termination "david_alex won by resignation"]

1. d4 Nf6 2. c4 e6 3. Nf3 d5 4. g3 dxc4 5. Bg2 a6 6. a4 Nc6 7.
O-O Bd7 8. Bg5 Be7 9. Nbd2 b5 10. e4 O-O 11. Qe2 Rb8 12. Rfd1 Nb4 13. Nf1 Nd3 14.
b3 Bc6 15. Ne5 Nxe5 16. dxe5 Nd7 17. Bxe7 Qxe7 18. bxc4 bxa4 19. f4 Nc5 20. Nd2 Rfd8 21.
Rab1 Nb3 22. Nf3 Qc5+ 23. Kh1 Rxd1+ 24. Rxd1 a3 25. Qa2 Na5 26. Nd2 h6 27. Nb1 Rb2 28. Qxa3 Qxa3 29. Nxa3 Ra2 30. Nb1 Nxc4 31. Nc3 Rc2 32.
Nb1 Ne3 33. Re1 Nxg2 0-1